 Dungeon Crawl Stone Soup version 0.27-a0-686-gaed091b46b (webtiles) character file.

Game seed: 7456202966676411838

4 Allula97 the Grave Robber (level 1, -3/13 HPs)
             Began as a Demonspawn Necromancer on Mar 21, 2021.
             Slain by a hobgoblin
             ... wielding a +0 club
              (4 damage)
             ... on level 1 of the Dungeon.
             The game lasted 00:01:30 (544 turns).

Allula97 the Grave Robber (Demonspawn Necromancer)   Turns: 544, Time: 00:01:31

Health: -3/13      AC:  5    Str:  8    XL:     1   Next: 58%
Magic:  1/3        EV: 10    Int: 16    God:
Gold:   34         SH:  0    Dex: 13    Spells: 3/4 levels left

rFire    . . .     SeeInvis .   e - +0 short sword
rCold    . . .     Faith    .   (no shield)
rNeg     . . .     Spirit   .   b - +0 ring mail
rPois    .         Reflect  .   (no helmet)
rElec    .         Harm     .   (no cloak)
rCorr    .         Rampage  .   (no gloves)
Will     .....                  (no boots)
Stlth    +.........             (no amulet)
HPRegen  0.04/turn              (no ring)
MPRegen  0.08/turn              (no ring)

@: very slightly contaminated
A: no striking features
a: no special abilities


You were on level 1 of the Dungeon.
You visited 1 branch of the dungeon, and saw 1 of its levels.

You collected 34 gold pieces.

Inventory:

Hand Weapons
 e - a +0 short sword (weapon)
Armour
 a - a +0 robe
 b - a +0 ring mail (worn)
Scrolls
 d - a scroll of magic mapping {unknown}
Potions
 c - 2 potions of cancellation {unknown}
 f - 2 potions of mutation {unknown}


   Skills:
 * Level 0.1 Fighting
 * Level 0.1 Armour
 * Level 1.8 Dodging
 * Level 1.8 Stealth
 * Level 2.0 Spellcasting
 + Level 4.5 Necromancy


You had 3 spell levels left.
You knew the following spells:

 Your Spells              Type           Power      Damage    Failure   Level
a - Pain                  Necr           64%        1d7       10%         1

Your spell library contained the following spells:

 Spells                   Type           Power      Damage    Failure   Level
 Animate Skeleton         Necr           32%        N/A       10%         1
 Vampiric Draining        Necr           8%         2d7       30%         3
 Animate Dead             Necr           8%         N/A       69%         4
 Agony                    Necr           16%        N/A       95%         5


Dungeon Overview and Level Annotations

Branches:
Dungeon (1/15)

Altars:


Message History

You now have 34 gold pieces (gained 10).
Things that are here:
a +0 short sword; 3 stones
e - a +0 short sword (weapon)
Found a hunting sling.
You see here a +0 hunting sling.
Found 18 stones.
A bat comes into view.
The bat barely misses you.
You miss the bat. The bat hits you.
You barely miss the bat. The bat closely misses you.
You hit the bat.
You kill the bat!
f - 2 fizzy dark potions
c - 2 dark potions (gained 1)
A hobgoblin comes into view. It is wielding a +0 club.
The hobgoblin barely misses you.
Your ring mail prevents you from hitting the hobgoblin.
The hobgoblin hits you with a +0 club.
You barely miss the hobgoblin.
The hobgoblin hits you but does no damage.
You barely miss the hobgoblin. The hobgoblin hits you with a +0 club.
You are too injured to fight recklessly!
Casting: Pain (safe; 10% risk of failure)
Confirm with . or Enter, or press ? or * to list all spells.
Aiming: Pain (safe; 10% risk of failure)
Press: ? - help, Shift-Dir - straight line, f - hobgoblin
Aim: a hobgoblin, wielding a +0 club (chance to affect: 87%)
You miscast Pain.
You are very lightly contaminated with residual magic.
Nothing appears to happen.
The hobgoblin hits you with a +0 club.
* * * LOW HITPOINT WARNING * * *
Casting: Pain (safe; 10% risk of failure)
Confirm with . or Enter, or press ? or * to list all spells.
Aiming: Pain (safe; 10% risk of failure)
Press: ? - help, Shift-Dir - straight line, f/p - hobgoblin
Aim: a hobgoblin, wielding a +0 club (chance to affect: 87%)
You miscast Pain.
Nothing appears to happen.
The hobgoblin hits you with a +0 club.
You die...

#........
.........#
#.......#
########.#
#.......#
#.#
#.......#
#.#
#.......#
##.#
#.......#
#..#
#.......#
#.##
#####g###
#.# #@# #.#
#.#######
#.#
#.......#
#.#
#######.#
#.#### #.#
#..... #.#
######
#.##########
#...........
############


You could see a hobgoblin.

Vanquished Creatures
  A giant cockroach (D:1)
  2 bats (D:1)
  A frilled lizard (D:1)
  A kobold (D:1)
5 creatures vanquished.

Notes
Turn   | Place    | Note
-------+----------+-------------------------------------------
     0 | D:1      | Allula97 the Demonspawn Necromancer began the quest for the
                  | Orb.
     0 | D:1      | Reached XP level 1. HP: 13/13 MP: 3/3
   544 | D:1      | Slain by a hobgoblin

Illustrated notes

Levels and vault maps discovered:
D:1:      lightli_arrival_flooded_house, layout_loops_ring

Action                   || total
-------------------------++-------
Melee: Short sword       ||     6
       Unarmed           ||     1
 Cast: Pain              ||     6
Armor: Ring mail         ||     1
Dodge: Dodged            ||     5

Table legend: (Time is in decaauts)
 A = Elapsed time spent in this place.
 B = Non-inter-level travel time spent in this place.
 C = Inter-level travel time spent in this place.
 D = Time resting spent in this place.
 E = Time spent auto-exploring this place.
 F = Levels seen in this place.
 G = Mean time per level.
                   A        B        C        D        E       F      G
               +--------+--------+--------+--------+--------+-----+--------+
         Total |    544 |    544 |      0 |      0 |    481 |   1 |  544.0 |
       Dungeon |    544 |    544 |      0 |      0 |    481 |   1 |  544.0 |
               +--------+--------+--------+--------+--------+-----+--------+

Top non-repeatable levels by time:
     D:1: 544 daAuts
